Sasquatch vs Rafales
Created - 3 janvier 2017 at 19:19
Goals
|
| Sasquatch |
0 |
1 |
2 |
0 |
3 |
| Rafales |
0 |
2 |
1 |
1 |
4 |
|
Shots
|
| Sasquatch |
13 |
13 |
14 |
0 |
40 |
| Rafales |
13 |
10 |
12 |
1 |
36 |
|
1st period
No Goal
Penalties :
No Penalty
2nd period
1. Rafales , Mike Sislo 10 (Willie Mitchell) at 4:18
2. Rafales , Milan Bartovic 12 (Mike Zigomanis) at 7:06 (PP)
3. Sasquatch , Brock Trotter 2 (James Wisniewski) at 19:37
Penalties :
Andrej Sustr (Gat) for High sticking (Minor) at 7:00, Lars Eller (Gat) for Hooking (Minor) at 10:52
3rd period
4. Sasquatch , Yann Sauvé 1 (Brock Trotter, Drew Shore) at 2:21
5. Sasquatch , Brock Trotter 3 (Drew Shore, D.J King) at 7:53
6. Rafales , Milan Bartovic 13 (Mike Zigomanis, Cody McLeod) at 19:11
Penalties :
Andrej Sustr (Gat) for Hooking (Minor) at 4:51, Petr Kalus (Stf) for Hooking (Minor) at 14:26, Jesper Fast (Gat) for Holding (Minor) at 19:14
Overtime #1
7. Rafales , Mike Zigomanis 24 (Cody McLeod) at 0:04 (PP)
Penalties :
No Penalty
Goalie Stats
Corey Crawford (Gat), 32 saves from 36 shots - (0,889), OTL, 8-2-1, 60:04 minutes
Philipp Grubauer (Stf), 37 saves from 40 shots - (0,925), W, 3-3-1, 59:48 minutes
Players Stats for Sasquatch
Player Name G A P +/- PIM S H SB GA TA FO MP PP MP PK MP
------------------------------------------------------------------------------------
Andrej Sustr 0 0 0 0 4 0 3 0 0 0 0/0 13:10 0:00 1:00
Brock Trotter 2 1 3 3 0 4 1 0 0 0 0/0 8:12 0:00 0:54
D.J King 0 1 1 -1 0 4 2 2 0 0 0/0 19:20 0:47 3:04
Drew Shore 0 2 2 2 0 2 1 0 0 0 4/7 10:40 0:00 2:58
Garnet Hathaway 0 0 0 2 0 2 1 0 0 1 0/0 7:36 0:00 0:00
James Wisniewski 0 1 1 -1 0 2 0 1 0 0 0/0 20:29 0:52 1:40
Jason Akeson 0 0 0 0 0 2 1 2 1 1 0/2 19:14 1:12 0:00
Jesper Fast 0 0 0 0 2 1 1 1 0 0 0/0 15:16 0:00 0:00
Jonathan Blum 0 0 0 0 0 2 3 2 1 2 0/0 23:37 1:07 3:09
Josh Bailey 0 0 0 -1 0 1 0 1 1 0 1/1 12:37 0:00 0:30
Lars Eller 0 0 0 0 2 2 2 1 2 0 8/17 16:04 0:00 0:38
Linus Omark 0 0 0 0 0 4 2 1 0 0 1/2 20:31 1:12 1:07
Mikael Backlund 0 0 0 0 0 5 1 1 0 0 13/29 19:14 1:12 0:00
Nick Leddy 0 0 0 2 0 3 2 1 2 1 0/0 25:49 1:07 0:44
Ryan Strome 0 0 0 -1 0 0 1 0 0 0 1/1 12:54 0:47 0:00
Stephane Da Costa 0 0 0 -1 0 2 0 0 0 0 2/7 13:35 0:47 0:31
Yann Sauvé 1 0 1 1 0 2 1 1 0 0 0/0 23:33 0:00 3:13
Yannick Weber 0 0 0 0 0 2 0 1 0 1 0/0 13:28 0:52 0:00
Players Stats for Rafales
Player Name G A P +/- PIM S H SB GA TA FO MP PP MP PK MP
------------------------------------------------------------------------------------
Cody McLeod 0 2 2 0 0 4 1 0 1 1 2/4 21:34 2:46 1:08
Connor Murphy 0 0 0 1 0 1 0 1 0 0 0/0 17:19 3:05 0:49
Jeff Skinner 0 0 0 0 0 1 1 1 0 0 0/0 14:49 0:11 0:36
Johan Ryno 0 0 0 -1 0 3 0 0 1 0 0/0 9:25 0:00 0:00
Jonathan Rheault 0 0 0 0 0 5 0 0 2 0 0/1 16:16 1:52 0:00
Julian Melchiori 0 0 0 -1 0 1 1 1 0 1 0/0 15:14 0:00 0:00
Kevin Veilleux 0 0 0 0 0 2 2 0 0 0 6/11 12:14 0:00 0:05
Marc-André Gragnani 0 0 0 -1 0 2 2 1 0 0 0/0 17:59 1:44 0:49
Mark Fayne 0 0 0 0 0 2 0 1 0 0 0/0 12:26 0:00 0:00
Matt Gilroy 0 0 0 0 0 1 2 2 1 1 0/0 29:39 3:05 1:10
Michael Bournival 0 0 0 -1 0 2 1 0 0 0 1/1 9:32 0:00 0:00
Mike Sislo 1 0 1 0 0 2 1 0 0 0 0/0 13:54 1:52 0:00
Mike Zigomanis 1 2 3 0 0 2 4 1 0 1 18/32 21:57 2:57 1:09
Milan Bartovic 2 0 2 0 0 4 1 3 0 2 0/0 20:26 2:57 0:15
Nathan Davis 0 0 0 0 0 2 0 0 0 0 8/13 16:28 1:52 0:45
Petr Kalus 0 0 0 -1 2 0 1 0 0 0 1/4 9:29 0:00 0:00
Tim Crowder 0 0 0 0 0 1 0 2 0 0 0/0 12:04 0:00 0:00
Willie Mitchell 0 1 1 -1 0 1 0 0 1 1 0/0 27:31 1:44 1:10
3 Stars
1 - Brock Trotter (Gat)
2 - Mike Zigomanis (Stf)
3 - Milan Bartovic (Stf)
Power Play
Sasquatch - 0 on 1 Attempt(s) - 0,00%
Rafales - 2 on 4 Attempt(s) - 50,00%
Penalty Kill
Sasquatch - 2 on 4 Attempt(s) - 50,00%
- Score 0 goal in Penalty Kill
Rafales - 1 on 1 Attempt(s) - 100,00%
- Score 0 goal in Penalty Kill
Team Stat
Sasquatch - Hits : 22 - Faceoff Wins : 30 - Blocked Shots : 15 - Penalty Minutes : 8
Rafales - Hits : 17 - Faceoff Wins : 36 - Blocked Shots : 13 - Penalty Minutes : 2
Official
Referees : Sutherland Kelly and Walsh Ian
Linesman : Andy McElman and Brian Mach
Game Notes
No Game Note
Finance
Level 1 -- Attendance: 1335 (66,75%) -- Ticket Income 46 725 $
Level 2 -- Attendance: 793 (79,30%) -- Ticket Income 11 895 $
Total Attendance: 2128 (70,93%)
Total Ticket Income: 58 620 $
Other Income: 2 931 $
Total Income: 61 551 $
Sasquatch
5 vs 5 Forward
Center Left Wing Right Wing Time % Phy DF OF
1 Mikael Backlund Linus Omark Jason Akeson 40 1 2 2
2 Lars Eller D.J King Jesper Fast 30 1 2 2
3 Stephane Da Costa Josh Bailey Ryan Strome 20 1 2 2
4 Drew Shore Brock Trotter Garnet Hathaway 10 1 2 2
5 vs 5 Defense
Defense Defense Time % Phy DF OF
1 Nick Leddy Yann Sauvé 40 1 2 2
2 James Wisniewski Jonathan Blum 30 1 2 2
3 Andrej Sustr Yannick Weber 20 1 2 2
4 Jonathan Blum Nick Leddy 10 1 2 2
PowerPlay Forward
Center Left Wing Right Wing Time % Phy DF OF
1 Mikael Backlund Linus Omark Jason Akeson 60 1 2 2
2 Stephane Da Costa D.J King Ryan Strome 40 1 2 2
PowerPlay Defense
Defense Defense Time % Phy DF OF
1 Nick Leddy Jonathan Blum 60 1 2 2
2 Yannick Weber James Wisniewski 40 1 2 2
Penalty Kill 4 Players Forward
Center Wing Time % Phy DF OF
1 Drew Shore D.J King 60 1 2 2
2 Lars Eller Linus Omark 40 1 2 2
Penalty Kill 4 Players Defense
Defense Defense Time % Phy DF OF
1 Jonathan Blum Yann Sauvé 60 1 2 2
2 James Wisniewski Andrej Sustr 40 1 2 2
Penalty Kill - 3 Players Forward
Forward Time % Phy DF OF
1 Lars Eller 60 1 2 2
2 Drew Shore 40 1 2 2
Penalty Kill - 3 Players Defense
Defense Defense Time % Phy DF OF
1 Yann Sauvé Andrej Sustr 60 1 2 2
2 James Wisniewski Jonathan Blum 40 1 2 2
4 vs 4 Forward
Center Wing Time % Phy DF OF
1 Mikael Backlund D.J King 60 1 2 2
2 Stephane Da Costa Linus Omark 40 1 2 2
4 vs 4 Defense
Defense Defense Time % Phy DF OF
1 Yann Sauvé Nick Leddy 60 1 2 2
2 Yannick Weber Jonathan Blum 40 1 2 2
Last Minutes Offensive
Center Left Wing Right Wing Defense Defense
Mikael Backlund Linus Omark Jason Akeson Nick Leddy Jonathan Blum
Last Minutes Defensive
Center Left Wing Right Wing Defense Defense
Drew Shore D.J King Garnet Hathaway James Wisniewski Yann Sauvé
Goaltenders
Starting : Corey Crawford
Backup : Jake Allen
Extra Forwards
Normal : D.J King, Drew Shore, Brock Trotter - PP : Mikael Backlund, Linus Omark - PK : Brock Trotter
Extra Defensemen
Normal : Jonathan Blum, Yannick Weber, James Wisniewski - PP : Yann Sauvé - PK : Nick Leddy, Yannick Weber
Penalty Shots
Linus Omark, Mikael Backlund, Lars Eller, Jason Akeson, Ryan Strome
Rafales
5 vs 5 Forward
Center Left Wing Right Wing Time % Phy DF OF
1 Mike Zigomanis Cody McLeod Milan Bartovic 40 0 0 5
2 Nathan Davis Jeff Skinner Jonathan Rheault 30 0 0 5
3 Kevin Veilleux Mike Sislo Tim Crowder 20 0 2 3
4 Petr Kalus Michael Bournival Johan Ryno 10 0 1 4
5 vs 5 Defense
Defense Defense Time % Phy DF OF
1 Willie Mitchell Matt Gilroy 40 0 3 2
2 Julian Melchiori Marc-André Gragnani 30 0 3 2
3 Mark Fayne Connor Murphy 20 0 4 1
4 Willie Mitchell Matt Gilroy 10 0 2 3
PowerPlay Forward
Center Left Wing Right Wing Time % Phy DF OF
1 Mike Zigomanis Cody McLeod Milan Bartovic 60 0 0 5
2 Nathan Davis Mike Sislo Jonathan Rheault 40 0 0 5
PowerPlay Defense
Defense Defense Time % Phy DF OF
1 Connor Murphy Matt Gilroy 60 0 2 3
2 Willie Mitchell Marc-André Gragnani 40 0 2 3
Penalty Kill 4 Players Forward
Center Wing Time % Phy DF OF
1 Mike Zigomanis Cody McLeod 60 0 4 1
2 Milan Bartovic Nathan Davis 40 0 4 0
Penalty Kill 4 Players Defense
Defense Defense Time % Phy DF OF
1 Willie Mitchell Matt Gilroy 60 0 5 0
2 Connor Murphy Marc-André Gragnani 40 0 5 0
Penalty Kill - 3 Players Forward
Forward Time % Phy DF OF
1 Mike Zigomanis 60 0 5 0
2 Cody McLeod 40 0 5 0
Penalty Kill - 3 Players Defense
Defense Defense Time % Phy DF OF
1 Willie Mitchell Matt Gilroy 60 1 4 0
2 Mark Fayne Marc-André Gragnani 40 1 4 0
4 vs 4 Forward
Center Wing Time % Phy DF OF
1 Mike Zigomanis Cody McLeod 60 0 2 3
2 Milan Bartovic Nathan Davis 40 0 2 3
4 vs 4 Defense
Defense Defense Time % Phy DF OF
1 Connor Murphy Matt Gilroy 60 0 3 2
2 Mark Fayne Marc-André Gragnani 40 0 3 2
Last Minutes Offensive
Center Left Wing Right Wing Defense Defense
Mike Zigomanis Cody McLeod Milan Bartovic Connor Murphy Matt Gilroy
Last Minutes Defensive
Center Left Wing Right Wing Defense Defense
Mike Zigomanis Cody McLeod Milan Bartovic Willie Mitchell Mark Fayne
Goaltenders
Starting : Philipp Grubauer
Backup : John Gibson
Extra Forwards
Normal : Cody McLeod, Jeff Skinner, Mike Zigomanis - PP : Cody McLeod, Jeff Skinner - PK : Mike Zigomanis
Extra Defensemen
Normal : Matt Gilroy, Connor Murphy, Mark Fayne - PP : Matt Gilroy - PK : Willie Mitchell, Mark Fayne
Penalty Shots
Mike Zigomanis, Cody McLeod, Milan Bartovic, Nathan Davis, Jeff Skinner
% Time on Ice - Sasquatch
Lines # - Real PCT - Wanted PCT - Time Play
Normal Forward
1 - 34% - 40% - 18:02
2 - 30% - 30% - 15:39
3 - 23% - 20% - 12:07
4 - 13% - 10% - 6:57
Normal Defense
1 - 38% - 40% - 19:53
2 - 33% - 30% - 17:30
3 - 23% - 20% - 12:12
4 - 6% - 10% - 3:10
PP Forward
1 - 61% - 60% - 1:12
2 - 39% - 40% - 0:47
PP Defense
1 - 56% - 60% - 1:07
2 - 44% - 40% - 0:52
PK Forward
1 - 77% - 60% - 3:42
2 - 23% - 40% - 1:07
PK Defense
1 - 65% - 60% - 3:09
2 - 35% - 40% - 1:40
PK3 Forward
1 - 100% - 60% - 0:04
2 - 0% - 40% - 0:00
PK3 Defense
1 - 100% - 60% - 0:04
2 - 0% - 40% - 0:00
44 Forward
1 - 0% - 60%
2 - 0% - 40%
44 Defense
1 - 0% - 60%
2 - 0% - 40%
Last Minute Offensive - 0:00
Last Minute Defensive - 0:27
Total
Forward - 60:04
Defense - 60:04
|
% Time on Ice - Rafales
Lines # - Real PCT - Wanted PCT - Time Play
Normal Forward
1 - 32% - 40% - 16:53
2 - 27% - 30% - 14:24
3 - 23% - 20% - 12:04
4 - 18% - 10% - 9:25
Normal Defense
1 - 39% - 40% - 20:48
2 - 30% - 30% - 15:34
3 - 24% - 20% - 12:26
4 - 8% - 10% - 3:58
PP Forward
1 - 61% - 60% - 2:57
2 - 39% - 40% - 1:52
PP Defense
1 - 64% - 60% - 3:05
2 - 36% - 40% - 1:44
PK Forward
1 - 87% - 60% - 1:44
2 - 13% - 40% - 0:15
PK Defense
1 - 59% - 60% - 1:10
2 - 41% - 40% - 0:49
PK3 Forward
1 - 0% - 60%
2 - 0% - 40%
PK3 Defense
1 - 0% - 60%
2 - 0% - 40%
44 Forward
1 - 100% - 60% - 0:04
2 - 0% - 40% - 0:00
44 Defense
1 - 100% - 60% - 0:04
2 - 0% - 40% - 0:00
Last Minute Offensive - 0:26
Last Minute Defensive - 0:00
Total
Forward - 60:04
Defense - 60:04
|
Play by Play
1st period
0:01 of 1st period - Mike Zigomanis wins face-off versus Mikael Backlund in neutral zone.
0:06 of 1st period - Snap shot by Cody McLeod.
0:06 of 1st period - Shot Misses the Net.
0:08 of 1st period - Snap shot by Cody McLeod.
0:08 of 1st period - Stopped by Corey Crawford with a rebound.
0:10 of 1st period - Slapshot by Matt Gilroy.
0:10 of 1st period - Shot Blocked by Jason Akeson.
0:26 of 1st period - Willie Mitchell is hit by D.J King and loses puck.
0:56 of 1st period - Snap shot by Mike Sislo.
0:56 of 1st period - Deflect By Tim Crowder.
0:56 of 1st period - Shot Blocked by James Wisniewski.
0:56 of 1st period - Puck is out of play.
0:57 of 1st period - Drew Shore wins face-off versus Petr Kalus in Sasquatch zone.
2:41 of 1st period - Slapshot by Michael Bournival.
2:41 of 1st period - Deflect By Johan Ryno.
2:41 of 1st period - Stopped by Corey Crawford with a rebound.
3:20 of 1st period - Icing by Willie Mitchell.
3:21 of 1st period - Kevin Veilleux wins face-off versus Mikael Backlund in Rafales zone.
3:26 of 1st period - Snap shot by Mike Sislo.
3:26 of 1st period - Shot Misses the Net.
3:50 of 1st period - Wrist shot by Lars Eller.
3:50 of 1st period - Shot Blocked by Matt Gilroy.
4:17 of 1st period - Andrej Sustr is hit by Marc-André Gragnani.
4:53 of 1st period - Slapshot by Mike Zigomanis.
4:53 of 1st period - Shot Misses the Net.
5:09 of 1st period - Mike Sislo is hit by Jonathan Blum and loses puck.
5:16 of 1st period - Snap shot by D.J King.
5:16 of 1st period - Stopped by Philipp Grubauer with a rebound.
5:32 of 1st period - Connor Murphy is hit by Drew Shore and loses puck.
5:37 of 1st period - Backhand shot by Brock Trotter.
5:37 of 1st period - Stopped by Philipp Grubauer with a rebound.
5:39 of 1st period - Slapshot by Brock Trotter.
5:39 of 1st period - Shot Blocked by Mark Fayne.
5:49 of 1st period - Jonathan Blum is hit by Petr Kalus and loses puck.
6:08 of 1st period - Mike Zigomanis is hit by Linus Omark and loses puck.
6:35 of 1st period - Wrist shot by Mike Sislo.
6:35 of 1st period - Stopped by Corey Crawford without a rebound.
6:36 of 1st period - Lars Eller wins face-off versus Kevin Veilleux in Sasquatch zone.
6:57 of 1st period - Slapshot by Tim Crowder.
6:57 of 1st period - Shot Blocked by Jesper Fast.
7:24 of 1st period - Slapshot by D.J King.
7:24 of 1st period - Stopped by Philipp Grubauer with a rebound.
7:32 of 1st period - Wrist shot by Kevin Veilleux.
7:32 of 1st period - Stopped by Corey Crawford without a rebound.
7:33 of 1st period - Mike Zigomanis wins face-off versus Mikael Backlund in Sasquatch zone.
7:44 of 1st period - Snap shot by Linus Omark.
7:44 of 1st period - Shot Blocked by Julian Melchiori.
8:00 of 1st period - Nick Leddy is hit by Julian Melchiori.
8:03 of 1st period - Off-side.
8:04 of 1st period - Stephane Da Costa wins face-off versus Nathan Davis in neutral zone.
8:22 of 1st period - Wrist shot by Jonathan Rheault.
8:22 of 1st period - Stopped by Corey Crawford with a rebound.
8:24 of 1st period - Snap shot by Nathan Davis.
8:24 of 1st period - Shot Misses the Net.
8:28 of 1st period - Wrist shot by Jonathan Rheault.
8:28 of 1st period - Shot Misses the Net.
8:30 of 1st period - Snap shot by Jonathan Rheault.
8:30 of 1st period - Shot Misses the Net.
8:32 of 1st period - Wrist shot by Jonathan Rheault.
8:32 of 1st period - Stopped by Corey Crawford with a rebound.
8:46 of 1st period - Snap shot by Jonathan Rheault.
8:46 of 1st period - Shot Blocked by Josh Bailey.
8:52 of 1st period - Slapshot by Nathan Davis.
8:52 of 1st period - Stopped by Corey Crawford without a rebound.
8:53 of 1st period - Mike Zigomanis wins face-off versus Mikael Backlund in Sasquatch zone.
8:58 of 1st period - Slapshot by Cody McLeod.
8:58 of 1st period - Stopped by Corey Crawford with a rebound.
9:00 of 1st period - Wrist shot by Milan Bartovic.
9:00 of 1st period - Shot Blocked by Nick Leddy.
9:02 of 1st period - Slapshot by Mike Zigomanis.
9:02 of 1st period - Deflect By Cody McLeod.
9:02 of 1st period - Shot Misses the Net.
9:02 of 1st period - Puck is out of play.
9:03 of 1st period - Mike Zigomanis wins face-off versus Mikael Backlund in Sasquatch zone.
9:04 of 1st period - Snap shot by Cody McLeod.
9:04 of 1st period - Stopped by Corey Crawford without a rebound.
9:05 of 1st period - Mike Zigomanis wins face-off versus Jason Akeson in Sasquatch zone.
9:30 of 1st period - Yann Sauvé is hit by Matt Gilroy and loses puck.
9:37 of 1st period - Snap shot by Jonathan Rheault.
9:37 of 1st period - Stopped by Corey Crawford with a rebound.
10:01 of 1st period - Slapshot by Nick Leddy.
10:01 of 1st period - Stopped by Philipp Grubauer without a rebound.
10:02 of 1st period - Mikael Backlund wins face-off versus Mike Zigomanis in Rafales zone.
10:17 of 1st period - Wrist shot by Mikael Backlund.
10:17 of 1st period - Stopped by Philipp Grubauer with a rebound.
10:31 of 1st period - Slapshot by Josh Bailey.
10:31 of 1st period - Stopped by Philipp Grubauer with a rebound.
10:33 of 1st period - Snap shot by Ryan Strome.
10:33 of 1st period - Shot Misses the Net.
10:35 of 1st period - Slapshot by Yannick Weber.
10:35 of 1st period - Stopped by Philipp Grubauer without a rebound.
10:36 of 1st period - Nathan Davis wins face-off versus Mikael Backlund in Rafales zone.
10:47 of 1st period - Wrist shot by Linus Omark.
10:47 of 1st period - Stopped by Philipp Grubauer without a rebound.
10:48 of 1st period - Mikael Backlund wins face-off versus Nathan Davis in Rafales zone.
10:53 of 1st period - Wrist shot by Linus Omark.
10:53 of 1st period - Shot Misses the Net.
11:34 of 1st period - Icing by Mike Sislo.
11:35 of 1st period - Kevin Veilleux wins face-off versus Stephane Da Costa in Rafales zone.
11:48 of 1st period - Snap shot by Tim Crowder.
11:48 of 1st period - Shot Misses the Net.
12:02 of 1st period - Wrist shot by Cody McLeod.
12:02 of 1st period - Shot Misses the Net.
12:50 of 1st period - Slapshot by Nick Leddy.
12:50 of 1st period - Stopped by Philipp Grubauer with a rebound.
13:11 of 1st period - Off-side.
13:12 of 1st period - Lars Eller wins face-off versus Mike Zigomanis in neutral zone.
14:43 of 1st period - Willie Mitchell is hit by Andrej Sustr and loses puck.
16:04 of 1st period - Wrist shot by Johan Ryno.
16:04 of 1st period - Stopped by Corey Crawford without a rebound.
16:05 of 1st period - Petr Kalus wins face-off versus Lars Eller in Sasquatch zone.
16:22 of 1st period - Slapshot by D.J King.
16:22 of 1st period - Shot Misses the Net.
16:40 of 1st period - Slapshot by Michael Bournival.
16:40 of 1st period - Shot Blocked by Jonathan Blum.
16:42 of 1st period - Slapshot by Mark Fayne.
16:42 of 1st period - Stopped by Corey Crawford without a rebound.
16:43 of 1st period - Mike Zigomanis wins face-off versus Mikael Backlund in Sasquatch zone.
17:49 of 1st period - Wrist shot by Lars Eller.
17:49 of 1st period - Stopped by Philipp Grubauer without a rebound.
17:50 of 1st period - Lars Eller wins face-off versus Kevin Veilleux in Rafales zone.
18:07 of 1st period - Snap shot by Lars Eller.
18:07 of 1st period - Stopped by Philipp Grubauer with a rebound.
18:09 of 1st period - Slapshot by Nick Leddy.
18:09 of 1st period - Shot Misses the Net.
18:11 of 1st period - Snap shot by Jesper Fast.
18:11 of 1st period - Shot Blocked by Tim Crowder.
18:21 of 1st period - Snap shot by Mike Sislo.
18:21 of 1st period - Deflect By Tim Crowder.
18:21 of 1st period - Shot Misses the Net.
18:21 of 1st period - Puck is out of play.
18:22 of 1st period - Mikael Backlund wins face-off versus Mike Zigomanis in Sasquatch zone.
18:59 of 1st period - Snap shot by Stephane Da Costa.
18:59 of 1st period - Shot Blocked by Jeff Skinner.
19:13 of 1st period - Slapshot by D.J King.
19:13 of 1st period - Deflect By Jesper Fast.
19:13 of 1st period - Stopped by Philipp Grubauer without a rebound.
19:14 of 1st period - Michael Bournival wins face-off versus Lars Eller in Rafales zone.
19:25 of 1st period - Wrist shot by Michael Bournival.
19:25 of 1st period - Shot Misses the Net.
19:31 of 1st period - Willie Mitchell is hit by Lars Eller and loses puck.
19:51 of 1st period - Snap shot by D.J King.
19:51 of 1st period - Stopped by Philipp Grubauer with a rebound.
19:59 of 1st period - Slapshot by Willie Mitchell.
19:59 of 1st period - Stopped by Corey Crawford without a rebound.
Goals for this period are 0 for Sasquatch vs 0 for Rafales.
Shots for this period are 13 for Sasquatch vs 13 for Rafales.
2nd period
0:01 of 2nd period - Cody McLeod wins face-off versus Mikael Backlund in neutral zone.
0:18 of 2nd period - Icing by Matt Gilroy.
0:19 of 2nd period - Mike Zigomanis wins face-off versus Stephane Da Costa in Rafales zone.
1:14 of 2nd period - Snap shot by Kevin Veilleux.
1:14 of 2nd period - Stopped by Corey Crawford with a rebound.
1:26 of 2nd period - Slapshot by Jesper Fast.
1:26 of 2nd period - Shot Blocked by Marc-André Gragnani.
1:59 of 2nd period - Icing by Yann Sauvé.
2:00 of 2nd period - Nathan Davis wins face-off versus Mikael Backlund in Sasquatch zone.
2:01 of 2nd period - Wrist shot by Jonathan Rheault.
2:01 of 2nd period - Shot Hit the Post.
2:15 of 2nd period - Snap shot by Nathan Davis.
2:15 of 2nd period - Shot Misses the Net.
2:27 of 2nd period - Jesper Fast is hit by Mike Zigomanis and loses puck.
2:36 of 2nd period - Snap shot by Lars Eller.
2:36 of 2nd period - Shot Misses the Net.
3:16 of 2nd period - Wrist shot by Mike Sislo.
3:16 of 2nd period - Shot Blocked by Jonathan Blum.
3:24 of 2nd period - Snap shot by Michael Bournival.
3:24 of 2nd period - Stopped by Corey Crawford with a rebound.
4:18 of 2nd period - Slapshot by Mike Sislo.
4:18 of 2nd period - Goal by Mike Sislo - Sasquatch : 0 - Rafales : 1.
4:19 of 2nd period - Mike Zigomanis wins face-off versus Jason Akeson in neutral zone.
5:09 of 2nd period - Tim Crowder is hit by Lars Eller and loses puck.
5:45 of 2nd period - Icing by Matt Gilroy.
5:46 of 2nd period - Mikael Backlund wins face-off versus Mike Zigomanis in Rafales zone.
6:11 of 2nd period - Nathan Davis is hit by Jesper Fast and loses puck.
6:32 of 2nd period - Snap shot by Stephane Da Costa.
6:32 of 2nd period - Deflect By Josh Bailey.
6:32 of 2nd period - Shot Blocked by Tim Crowder.
6:32 of 2nd period - Puck is out of play.
6:33 of 2nd period - Kevin Veilleux wins face-off versus Stephane Da Costa in Rafales zone.
7:00 of 2nd period - Minor Penalty to Andrej Sustr for High sticking.
7:01 of 2nd period - Mike Zigomanis wins face-off versus Drew Shore in Sasquatch zone.
7:06 of 2nd period - Snap shot by Milan Bartovic.
7:06 of 2nd period - Goal by Milan Bartovic - Sasquatch : 0 - Rafales : 2.
7:07 of 2nd period - Linus Omark wins face-off versus Mike Zigomanis in neutral zone.
7:17 of 2nd period - Jonathan Blum is hit by Matt Gilroy and loses puck.
7:32 of 2nd period - Wrist shot by Mike Sislo.
7:32 of 2nd period - Shot Blocked by Jason Akeson.
7:38 of 2nd period - Snap shot by Tim Crowder.
7:38 of 2nd period - Shot Blocked by Linus Omark.
7:40 of 2nd period - Slapshot by Marc-André Gragnani.
7:40 of 2nd period - Stopped by Corey Crawford with a rebound.
7:42 of 2nd period - Slapshot by Julian Melchiori.
7:42 of 2nd period - Stopped by Corey Crawford without a rebound.
7:43 of 2nd period - Mike Zigomanis wins face-off versus Lars Eller in Sasquatch zone.
8:10 of 2nd period - Willie Mitchell is hit by Andrej Sustr and loses puck.
8:15 of 2nd period - Wrist shot by Stephane Da Costa.
8:15 of 2nd period - Deflect By Matt Gilroy.
8:15 of 2nd period - Stopped by Philipp Grubauer without a rebound.
8:16 of 2nd period - Nathan Davis wins face-off versus Mikael Backlund in Rafales zone.
8:41 of 2nd period - Yann Sauvé is hit by Mike Zigomanis and loses puck.
9:10 of 2nd period - Marc-André Gragnani is hit by Jonathan Blum and loses puck.
9:48 of 2nd period - Nathan Davis is hit by Nick Leddy and loses puck.
10:07 of 2nd period - Wrist shot by Linus Omark.
10:07 of 2nd period - Stopped by Philipp Grubauer without a rebound.
10:08 of 2nd period - Mikael Backlund wins face-off versus Mike Zigomanis in Rafales zone.
10:23 of 2nd period - Backhand shot by Mikael Backlund.
10:23 of 2nd period - Stopped by Philipp Grubauer with a rebound.
10:30 of 2nd period - Slapshot by Yannick Weber.
10:30 of 2nd period - Stopped by Philipp Grubauer without a rebound.
10:31 of 2nd period - Lars Eller wins face-off versus Nathan Davis in Rafales zone.
10:34 of 2nd period - Wrist shot by D.J King.
10:34 of 2nd period - Stopped by Philipp Grubauer without a rebound.
10:35 of 2nd period - Nathan Davis wins face-off versus Lars Eller in Rafales zone.
10:50 of 2nd period - Snap shot by Nathan Davis.
10:50 of 2nd period - Stopped by Corey Crawford with a rebound.
10:52 of 2nd period - Minor Penalty to Lars Eller for Hooking.
10:53 of 2nd period - Cody McLeod wins face-off versus Drew Shore in Sasquatch zone.
11:18 of 2nd period - Yann Sauvé is hit by Mike Sislo and loses puck.
12:52 of 2nd period - Penalty to Lars Eller is over, Lars Eller is back on ice.
13:17 of 2nd period - Mikael Backlund is hit by Michael Bournival and loses puck.
13:46 of 2nd period - Brock Trotter is hit by Marc-André Gragnani and loses puck.
14:44 of 2nd period - Willie Mitchell is hit by Ryan Strome and loses puck.
15:01 of 2nd period - Yannick Weber is hit by Mike Zigomanis and loses puck.
15:12 of 2nd period - Matt Gilroy is hit by Andrej Sustr and loses puck.
15:27 of 2nd period - Snap shot by Michael Bournival.
15:27 of 2nd period - Shot Blocked by Mikael Backlund.
16:39 of 2nd period - Icing by Ryan Strome.
16:40 of 2nd period - Lars Eller wins face-off versus Kevin Veilleux in Sasquatch zone.
17:07 of 2nd period - Slapshot by Johan Ryno.
17:07 of 2nd period - Shot Blocked by Yannick Weber.
17:09 of 2nd period - Snap shot by Michael Bournival.
17:09 of 2nd period - Shot Misses the Net.
17:11 of 2nd period - Snap shot by Michael Bournival.
17:11 of 2nd period - Shot Blocked by Lars Eller.
17:13 of 2nd period - Slapshot by Connor Murphy.
17:13 of 2nd period - Deflect By Lars Eller.
17:13 of 2nd period - Stopped by Corey Crawford without a rebound.
17:14 of 2nd period - Mike Zigomanis wins face-off versus Mikael Backlund in Sasquatch zone.
17:15 of 2nd period - Wrist shot by Cody McLeod.
17:15 of 2nd period - Deflect By Mike Zigomanis.
17:15 of 2nd period - Stopped by Corey Crawford with a rebound.
17:21 of 2nd period - Snap shot by Linus Omark.
17:21 of 2nd period - Deflect By Jason Akeson.
17:21 of 2nd period - Shot Misses the Net.
17:21 of 2nd period - Puck is out of play.
17:22 of 2nd period - Mikael Backlund wins face-off versus Mike Zigomanis in Rafales zone.
17:26 of 2nd period - Slapshot by Jonathan Blum.
17:26 of 2nd period - Stopped by Philipp Grubauer with a rebound.
17:28 of 2nd period - Slapshot by Jonathan Blum.
17:28 of 2nd period - Shot Blocked by Milan Bartovic.
17:30 of 2nd period - Snap shot by Jonathan Blum.
17:30 of 2nd period - Stopped by Philipp Grubauer with a rebound.
17:32 of 2nd period - Snap shot by Linus Omark.
17:32 of 2nd period - Shot Misses the Net.
17:59 of 2nd period - Mikael Backlund is hit by Mike Zigomanis and loses puck.
18:11 of 2nd period - Cody McLeod is hit by Linus Omark.
18:17 of 2nd period - Wrist shot by Mikael Backlund.
18:17 of 2nd period - Stopped by Philipp Grubauer with a rebound.
18:19 of 2nd period - Slapshot by Jonathan Blum.
18:19 of 2nd period - Shot Blocked by Milan Bartovic.
18:21 of 2nd period - Slapshot by Jason Akeson.
18:21 of 2nd period - Stopped by Philipp Grubauer without a rebound.
18:22 of 2nd period - Stephane Da Costa wins face-off versus Nathan Davis in Rafales zone.
18:25 of 2nd period - Slapshot by Stephane Da Costa.
18:25 of 2nd period - Stopped by Philipp Grubauer without a rebound.
18:26 of 2nd period - Nathan Davis wins face-off versus Stephane Da Costa in Rafales zone.
18:26 of 2nd period - Nathan Davis is hit by Yann Sauvé.
18:38 of 2nd period - Wrist shot by Jonathan Rheault.
18:38 of 2nd period - Stopped by Corey Crawford with a rebound.
19:00 of 2nd period - Snap shot by Stephane Da Costa.
19:00 of 2nd period - Shot Misses the Net.
19:02 of 2nd period - Slapshot by Nick Leddy.
19:02 of 2nd period - Shot Misses the Net.
19:04 of 2nd period - Slapshot by Yann Sauvé.
19:04 of 2nd period - Stopped by Philipp Grubauer without a rebound.
19:05 of 2nd period - Kevin Veilleux wins face-off versus Mikael Backlund in Rafales zone.
19:12 of 2nd period - Wrist shot by Jason Akeson.
19:12 of 2nd period - Shot Misses the Net.
19:14 of 2nd period - Slapshot by Linus Omark.
19:14 of 2nd period - Shot Misses the Net.
19:16 of 2nd period - Wrist shot by James Wisniewski.
19:16 of 2nd period - Deflect By Mike Sislo.
19:16 of 2nd period - Stopped by Philipp Grubauer with a rebound.
19:30 of 2nd period - Kevin Veilleux is hit by Brock Trotter and loses puck.
19:37 of 2nd period - Slapshot by Brock Trotter.
19:37 of 2nd period - Goal by Brock Trotter - Sasquatch : 1 - Rafales : 2.
19:38 of 2nd period - Mikael Backlund wins face-off versus Cody McLeod in neutral zone.
Goals for this period are 1 for Sasquatch vs 2 for Rafales.
Shots for this period are 13 for Sasquatch vs 10 for Rafales.
3rd period
0:01 of 3rd period - Mikael Backlund wins face-off versus Mike Zigomanis in neutral zone.
0:04 of 3rd period - Wrist shot by Nick Leddy.
0:04 of 3rd period - Stopped by Philipp Grubauer with a rebound.
0:16 of 3rd period - Wrist shot by Linus Omark.
0:16 of 3rd period - Stopped by Philipp Grubauer without a rebound.
0:17 of 3rd period - Nathan Davis wins face-off versus Lars Eller in Rafales zone.
0:51 of 3rd period - Icing by Matt Gilroy.
0:52 of 3rd period - Kevin Veilleux wins face-off versus Mikael Backlund in Rafales zone.
0:57 of 3rd period - Linus Omark is hit by Kevin Veilleux and loses puck.
1:06 of 3rd period - Wrist shot by Tim Crowder.
1:06 of 3rd period - Stopped by Corey Crawford without a rebound.
1:07 of 3rd period - Mike Zigomanis wins face-off versus Lars Eller in Sasquatch zone.
1:08 of 3rd period - Snap shot by Milan Bartovic.
1:08 of 3rd period - Shot Blocked by D.J King.
1:10 of 3rd period - Snap shot by Milan Bartovic.
1:10 of 3rd period - Shot Blocked by D.J King.
1:12 of 3rd period - Slapshot by Marc-André Gragnani.
1:12 of 3rd period - Stopped by Corey Crawford with a rebound.
1:57 of 3rd period - Wrist shot by Stephane Da Costa.
1:57 of 3rd period - Shot Hit the Post.
2:01 of 3rd period - Snap shot by Stephane Da Costa.
2:01 of 3rd period - Shot Misses the Net.
2:17 of 3rd period - Slapshot by Brock Trotter.
2:17 of 3rd period - Shot Misses the Net.
2:19 of 3rd period - Wrist shot by Yann Sauvé.
2:19 of 3rd period - Shot Misses the Net.
2:21 of 3rd period - Slapshot by Yann Sauvé.
2:21 of 3rd period - Deflect By Cody McLeod.
2:21 of 3rd period - Goal by Yann Sauvé - Sasquatch : 2 - Rafales : 2.
2:22 of 3rd period - Mikael Backlund wins face-off versus Mike Zigomanis in neutral zone.
2:29 of 3rd period - Slapshot by Jonathan Blum.
2:29 of 3rd period - Deflect By Mikael Backlund.
2:29 of 3rd period - Shot Misses the Net.
2:29 of 3rd period - Puck is out of play.
2:30 of 3rd period - Mike Zigomanis wins face-off versus Mikael Backlund in Rafales zone.
3:21 of 3rd period - Slapshot by Stephane Da Costa.
3:21 of 3rd period - Shot Misses the Net.
4:00 of 3rd period - Wrist shot by Jonathan Blum.
4:00 of 3rd period - Shot Misses the Net.
4:02 of 3rd period - Slapshot by James Wisniewski.
4:02 of 3rd period - Deflect By Linus Omark.
4:02 of 3rd period - Shot Blocked by Connor Murphy.
4:02 of 3rd period - Puck is out of play.
4:03 of 3rd period - Nathan Davis wins face-off versus Mikael Backlund in Rafales zone.
4:11 of 3rd period - Snap shot by Nathan Davis.
4:11 of 3rd period - Shot Misses the Net.
4:13 of 3rd period - Slapshot by Matt Gilroy.
4:13 of 3rd period - Deflect By Jeff Skinner.
4:13 of 3rd period - Stopped by Corey Crawford with a rebound.
4:15 of 3rd period - Snap shot by Matt Gilroy.
4:15 of 3rd period - Stopped by Corey Crawford without a rebound.
4:16 of 3rd period - Mikael Backlund wins face-off versus Mike Zigomanis in Sasquatch zone.
4:40 of 3rd period - Icing by Willie Mitchell.
4:41 of 3rd period - Lars Eller wins face-off versus Jonathan Rheault in Rafales zone.
4:51 of 3rd period - Minor Penalty to Andrej Sustr for Hooking.
4:52 of 3rd period - Mike Zigomanis wins face-off versus Drew Shore in Sasquatch zone.
4:59 of 3rd period - Off-side.
5:00 of 3rd period - Drew Shore wins face-off versus Cody McLeod in neutral zone.
5:14 of 3rd period - Snap shot by Drew Shore.
5:14 of 3rd period - Shot Misses the Net.
5:32 of 3rd period - Wrist shot by Mike Zigomanis.
5:32 of 3rd period - Shot Blocked by Yann Sauvé.
5:41 of 3rd period - Off-side.
5:42 of 3rd period - Lars Eller wins face-off versus Nathan Davis in neutral zone.
6:51 of 3rd period - Penalty to Andrej Sustr is over, Andrej Sustr is back on ice.
7:53 of 3rd period - Snap shot by Brock Trotter.
7:53 of 3rd period - Goal by Brock Trotter - Sasquatch : 3 - Rafales : 2.
7:54 of 3rd period - Mikael Backlund wins face-off versus Mike Zigomanis in neutral zone.
8:21 of 3rd period - Nathan Davis is hit by D.J King.
8:27 of 3rd period - Yann Sauvé is hit by Jeff Skinner and loses puck.
8:39 of 3rd period - Icing by Stephane Da Costa.
8:40 of 3rd period - Kevin Veilleux wins face-off versus Stephane Da Costa in Sasquatch zone.
9:05 of 3rd period - Jonathan Blum is hit by Cody McLeod and loses puck.
9:38 of 3rd period - Wrist shot by Mikael Backlund.
9:38 of 3rd period - Stopped by Philipp Grubauer with a rebound.
9:52 of 3rd period - Wrist shot by Jason Akeson.
9:52 of 3rd period - Deflect By Jeff Skinner.
9:52 of 3rd period - Stopped by Philipp Grubauer with a rebound.
10:10 of 3rd period - Snap shot by Linus Omark.
10:10 of 3rd period - Stopped by Philipp Grubauer with a rebound.
10:12 of 3rd period - Snap shot by James Wisniewski.
10:12 of 3rd period - Stopped by Philipp Grubauer without a rebound.
10:13 of 3rd period - Mike Zigomanis wins face-off versus Lars Eller in Rafales zone.
11:32 of 3rd period - Slapshot by Drew Shore.
11:32 of 3rd period - Shot Misses the Net.
11:34 of 3rd period - Snap shot by Drew Shore.
11:34 of 3rd period - Shot Misses the Net.
11:36 of 3rd period - Slapshot by James Wisniewski.
11:36 of 3rd period - Shot Blocked by Milan Bartovic.
11:38 of 3rd period - Wrist shot by Drew Shore.
11:38 of 3rd period - Shot Misses the Net.
11:40 of 3rd period - Slapshot by Drew Shore.
11:40 of 3rd period - Stopped by Philipp Grubauer with a rebound.
11:42 of 3rd period - Snap shot by Drew Shore.
11:42 of 3rd period - Shot Blocked by Mike Zigomanis.
11:44 of 3rd period - Wrist shot by Garnet Hathaway.
11:44 of 3rd period - Stopped by Philipp Grubauer without a rebound.
11:45 of 3rd period - Nathan Davis wins face-off versus Lars Eller in Rafales zone.
12:15 of 3rd period - Snap shot by Tim Crowder.
12:15 of 3rd period - Shot Misses the Net.
12:17 of 3rd period - Slapshot by Mark Fayne.
12:17 of 3rd period - Stopped by Corey Crawford without a rebound.
12:18 of 3rd period - Mikael Backlund wins face-off versus Kevin Veilleux in Sasquatch zone.
12:25 of 3rd period - Mark Fayne is hit by Nick Leddy and loses puck.
13:06 of 3rd period - Wrist shot by Brock Trotter.
13:06 of 3rd period - Shot Misses the Net.
13:08 of 3rd period - Snap shot by Garnet Hathaway.
13:08 of 3rd period - Shot Hit the Post.
13:10 of 3rd period - Slapshot by Garnet Hathaway.
13:10 of 3rd period - Stopped by Philipp Grubauer with a rebound.
13:16 of 3rd period - Backhand shot by Drew Shore.
13:16 of 3rd period - Stopped by Philipp Grubauer with a rebound.
13:18 of 3rd period - Wrist shot by Brock Trotter.
13:18 of 3rd period - Stopped by Philipp Grubauer with a rebound.
13:27 of 3rd period - Mark Fayne is hit by Jonathan Blum and loses puck.
13:31 of 3rd period - Icing by James Wisniewski.
13:32 of 3rd period - Ryan Strome wins face-off versus Petr Kalus in Sasquatch zone.
14:17 of 3rd period - Slapshot by James Wisniewski.
14:17 of 3rd period - Shot Blocked by Matt Gilroy.
14:26 of 3rd period - Minor Penalty to Petr Kalus for Hooking.
14:27 of 3rd period - Mike Zigomanis wins face-off versus Linus Omark in Rafales zone.
14:36 of 3rd period - Cody McLeod is hit by Jason Akeson and loses puck.
14:41 of 3rd period - Snap shot by Mikael Backlund.
14:41 of 3rd period - Shot Misses the Net.
14:43 of 3rd period - Snap shot by Mikael Backlund.
14:43 of 3rd period - Stopped by Philipp Grubauer without a rebound.
14:44 of 3rd period - Mike Zigomanis wins face-off versus Mikael Backlund in Rafales zone.
15:53 of 3rd period - Matt Gilroy is hit by Mikael Backlund and loses puck.
16:26 of 3rd period - Penalty to Petr Kalus is over, Petr Kalus is back on ice.
16:56 of 3rd period - Jesper Fast is hit by Kevin Veilleux and loses puck.
17:49 of 3rd period - Wrist shot by Michael Bournival.
17:49 of 3rd period - Stopped by Corey Crawford without a rebound.
17:50 of 3rd period - Mikael Backlund wins face-off versus Petr Kalus in Sasquatch zone.
18:05 of 3rd period - Snap shot by Johan Ryno.
18:05 of 3rd period - Stopped by Corey Crawford without a rebound.
18:06 of 3rd period - Josh Bailey wins face-off versus Kevin Veilleux in Sasquatch zone.
18:32 of 3rd period - Lars Eller is hit by Milan Bartovic and loses puck.
18:52 of 3rd period - Willie Mitchell is hit by Garnet Hathaway and loses puck.
18:55 of 3rd period - Rafales, Philipp Grubauer is pulled from the net.
19:03 of 3rd period - Snap shot by Cody McLeod.
19:03 of 3rd period - Stopped by Corey Crawford with a rebound.
19:09 of 3rd period - Snap shot by Milan Bartovic.
19:09 of 3rd period - Stopped by Corey Crawford with a rebound.
19:11 of 3rd period - Snap shot by Milan Bartovic.
19:11 of 3rd period - Goal by Milan Bartovic - Sasquatch : 3 - Rafales : 3.
19:11 of 3rd period - Philipp Grubauer from Rafales was sent back in the game.
19:12 of 3rd period - Lars Eller wins face-off versus Mike Zigomanis in neutral zone.
19:14 of 3rd period - Minor Penalty to Jesper Fast for Holding.
19:15 of 3rd period - Drew Shore wins face-off versus Mike Zigomanis in Sasquatch zone.
19:23 of 3rd period - Snap shot by Milan Bartovic.
19:23 of 3rd period - Shot Misses the Net.
19:25 of 3rd period - Slapshot by Milan Bartovic.
19:25 of 3rd period - Stopped by Corey Crawford without a rebound.
19:26 of 3rd period - Drew Shore wins face-off versus Mike Zigomanis in Sasquatch zone.
19:59 of 3rd period - Snap shot by Jonathan Rheault.
19:59 of 3rd period - Stopped by Corey Crawford without a rebound.
Goals for this period are 2 for Sasquatch vs 1 for Rafales.
Shots for this period are 14 for Sasquatch vs 12 for Rafales.
Overtime #1
0:01 of 1st overtime period - Mike Zigomanis wins face-off versus Lars Eller in neutral zone.
0:04 of 1st overtime period - Wrist shot by Cody McLeod.
0:04 of 1st overtime period - Deflect By Mike Zigomanis.
0:04 of 1st overtime period - Goal by Mike Zigomanis - Sasquatch : 3 - Rafales : 4.
Goals for this period are 0 for Sasquatch vs 1 for Rafales.
Shots for this period are 0 for Sasquatch vs 1 for Rafales.
Back to the Top